Cogmind - Beta 14 @@@ ROGUE MODE // 2024.10.31 @ 13:15:02 Player: 7604 Result: Self-destructed Performance ------------- Evolutions (5) 2500 Regions Visited (12) 2400 Robots Destroyed (75) 375 Value Destroyed (2329) 2329 Prototype IDs (34) 680 Alien Tech Used (0) 0 Bonus (363) 363 TOTAL SCORE: 8647 Bonus ------- Follower Combat Kills 91 Aligned with FarCom 300 Friendly Fire -28 Cogmind --------- Core Integrity 981/1000 Matter 186/300 Energy 113/150 System Corruption 4% Temperature Cool (0) Movement Flying (159) Ox2 Location -5/Factory Parts ------- > --- POWER (1) -------- Micro Nuclear Core > --- PROPULSION (5) --- Improved Cesium-ion Thruster Improved Cesium-ion Thruster Cooled VTOL Module > --- UTILITY (9) ------ Large Storage Unit Structural Scanner ECM Suite Layered Light Armor Plating Improved Hacking Suite Improved Hacking Suite System Shield Authchip [Processor] > --- WEAPON (2) ------- Mass Driver Impact Mace > --- INVENTORY (15) --- Improved Cooling System Experimental Sensor Array Transmission Jammer Reaction Control System Improved Medium Armor Plating System Restoration Module Hypervelocity Gauss Cannon Heavy Missile Launcher Improved Datajack Improved Remote Datajack Improved Plasma Cutter Peak State ------------ > --- POWER ------------ Micro Nuclear Core > --- PROPULSION ------- Cooled VTOL Module Flying Fortress v7 > --- UTILITY ---------- Large Storage Unit Structural Scanner Transmission Jammer Reaction Control System Improved Medium Armor Plating Layered Light Armor Plating Improved Hacking Suite Improved Hacking Suite System Shield > --- WEAPON ----------- Mass Driver Impact Mace > --- INVENTORY -------- Improved Cesium-ion Thruster Improved Cesium-ion Thruster Improved Cooling System Experimental Sensor Array ECM Suite Improved Medium Armor Plating Authchip [Processor] System Restoration Module Hypervelocity Gauss Cannon Heavy Missile Launcher Improved Datajack Improved Remote Datajack Improved Plasma Cutter [Rating: 88] Favorites ----------- Power Light Nuclear Core Engine Light Angular Momentum Engine Power Core Light Nuclear Core Propulsion Aluminum Leg Treads Light Treads Leg Aluminum Leg Flight Unit Flying Fortress v7 Utility Large Storage Unit Device Structural Scanner Storage Large Storage Unit Hackware Improved Hacking Suite Protection Improved Medium Armor Plating Weapon Beamcaster Energy Gun Beamcaster Energy Cannon EM Pulse Cannon Ballistic Gun Heavy Assault Rifle Ballistic Cannon Hypervelocity Gauss Cannon Launcher Grenade Launcher Special Weapon Improved Remote Datajack Impact Weapon Impact Mace Slashing Weapon Great Axe Special Melee Weapon Improved Datajack Build | -11 -10 -10 -10 -9 -8 -7 -7 -7 -7 -7 -7 -5 ------- Run | Yrd Mat Min Exi Min Mat Fac Was Fac Sto Rec Scr Fac Slots Evolved 10 | . . . . . 4 2 . . . . . 4 Power . | . . . . . . . . . . . . . Propulsion 3 | . . . . . 2 . . . . . . 1 Utility 7 | . . . . . 2 2 . . . . . 3 Weapon . | . . . . . . . . . . . . . Parts Attached 123 | 6 13 14 1 . 37 19 4 7 6 2 1 13 Power 13 | 1 1 2 . . 4 . 2 2 . . 1 . Engine 4 | 1 . 1 . . . . 1 1 . . . . Core 9 | . 1 1 . . 4 . 1 1 . . 1 . Reactor . | . . . . . . . . . . . . . Propulsion 22 | 2 1 7 . . 9 . . . . . . 3 Treads 1 | . . . . . 1 . . . . . . . Leg 17 | 2 1 7 . . 7 . . . . . . . Wheel . | . . . . . . . . . . . . . Hover . | . . . . . . . . . . . . . Flight 4 | . . . . . 1 . . . . . . 3 Utility 46 | 1 6 . 1 . 13 13 . 2 1 2 . 7 Device 28 | . 6 . . . 8 7 . 1 1 2 . 3 Storage 2 | 1 . . 1 . . . . . . . . . Processor . | . . . . . . . . . . . . . Hackware 8 | . . . . . 3 3 . . . . . 2 Protection 8 | . . . . . 2 3 . 1 . . . 2 Artifact . | . . . . . . . . . . . . . Weapon 42 | 2 5 5 . . 11 6 2 3 5 . . 3 Energy Gun 11 | 1 . 4 . . 5 . . . 1 . . . Energy Cannon 1 | . . . . . . 1 . . . . . . Ballistic Gun 13 | 1 5 . . . 4 2 . . 1 . . . Ballistic Cannon 4 | . . . . . . . . 1 1 . . 2 Launcher 4 | . . 1 . . 2 . . 1 . . . . Special Weapon 1 | . . . . . . . . . . . . 1 Impact Weapon 1 | . . . . . . . . . 1 . . . Slashing Weapon 6 | . . . . . . 2 2 1 1 . . . Piercing Weapon . | . . . . . . . . . . . . . Special Melee Weapon 1 | . . . . . . 1 . . . . . . Unidentified Prototypes 7 | . . . . . 2 . 2 . 3 . . . Corrupted Parts 4 | . . . . . 3 . . . . . . 1 System Corruption 12 | . . . . . 11 . . . . . . 1 Parts Lost 20 | . 1 1 . . 14 . . . . 2 . 2 Power 4 | . . 1 . . 2 . . . . 1 . . Propulsion 6 | . . . . . 5 . . . . . . 1 Utility 7 | . 1 . . . 4 . . . . 1 . 1 Weapon 3 | . . . . . 3 . . . . . . . Highest Loss Streak 4 | . 1 1 . . 4 . . . . 1 . 2 To Critical Strikes . | . . . . . . . . . . . . . Average Slot Usage (%) 85 | . 97 99 100 100 89 75 75 76 75 73 69 81 Engine 3 | . 7 1 14 14 2 . . . . . . . Core 5 | . 6 12 . . 6 7 7 6 7 4 . 5 Leg 14 | . 28 28 28 28 27 . . . . . . . Flight 3 | . . . . . . 7 7 7 7 7 7 10 Device 10 | . 12 14 14 14 11 7 . 6 7 11 15 16 Storage 9 | . 14 14 14 14 9 7 7 7 7 7 7 5 Hackware 12 | . . . . . 9 23 30 23 23 18 15 17 Protection 4 | . . . . . 4 6 7 7 7 7 7 10 Energy Gun 6 | . . 6 28 28 15 . . . . . . . Ballistic Gun 6 | . 27 21 . . 1 6 . . . . . . Ballistic Cannon 1 | . . . . . . . . 3 6 7 7 5 Slashing Weapon 2 | . . . . . . 6 6 7 5 . . . Peak Build Rating 88 | 6 12 25 28 28 58 72 75 74 76 75 70 88 Average Rating 46 | 4 10 13 25 28 34 66 71 72 74 71 66 84 On Entrance 45 | . 6 12 25 28 28 58 71 72 74 75 66 70 Naked Turns . | . . . . . . . . . . . . . Heaviest Build 54 | 11 18 25 40 40 45 44 45 46 47 46 48 54 Greatest Support 55 | 20 20 30 30 30 50 50 50 50 50 50 50 55 Greatest Overweight (x) 3 | . . . 1 1 3 . . . . . . . Average Overweight (x) . | . . . . 1 . . . . . . . . Largest Inventory Capacity 15 | 8 8 8 15 15 15 15 15 15 15 15 15 15 Average Capacity 13 | 6 8 8 11 15 15 15 15 15 15 15 15 15 Most Carried 15 | 2 8 8 12 12 15 15 15 15 15 15 15 14 Average Carried 12 | 1 7 7 8 12 13 14 14 14 15 14 14 12 Final Capacity 15 | 8 8 8 15 15 15 15 15 15 15 15 15 15 Final Carried 15 | 2 8 8 12 12 15 15 15 15 15 14 14 11 Class Distribution -------------------- 49% | Hacker-Mutant 32% | Scavenger-Mutant 17% | Mutant Dominant Class ---------------- Mutant | -10/Materials Mutant | -10/Mines Scavenger-Mutant | -10/Exiles Scavenger-Mutant | -9/Mines Scavenger-Mutant | -8/Materials Hacker-Mutant | -7/Factory Hacker-Mutant | -7/Waste Hacker-Mutant | -7/Factory Hacker-Mutant | -7/Storage Hacker-Mutant | -7/Recycling Hacker-Mutant | -7/Scraptown Hacker-Mutant | -5/Factory Resources | -11 -10 -10 -10 -9 -8 -7 -7 -7 -7 -7 -7 -5 ----------- Run | Yrd Mat Min Exi Min Mat Fac Was Fac Sto Rec Scr Fac Matter Collected 2372 | 169 635 187 . 57 421 240 . 129 352 30 10 142 Remotely . | . . . . . . . . . . . . . Salvage Created 2660 | . 697 227 . . 916 324 . 175 127 170 . 24 Parts 184 | . 41 15 . . 67 28 . 17 5 10 . 1 Haulers Intercepted 3 | . 1 . . . 1 . . 1 . . . . Recyclers Shooed . | . . . . . . . . . . . . . Parts Field Recycled . | . . . . . . . . . . . . . Retrieved Matter . | . . . . . . . . . . . . . Parts Self-Destructed . | . . . . . . . . . . . . . Prevented . | . . . . . . . . . . . . . Kills | -11 -10 -10 -10 -9 -8 -7 -7 -7 -7 -7 -7 -5 ------- Run | Yrd Mat Min Exi Min Mat Fac Was Fac Sto Rec Scr Fac Combat Hostiles Destroyed 57 | . 13 8 . . 22 4 . 5 2 3 . . Melee 4 | . . . . . . 1 . . 1 2 . . Guns 39 | . 13 6 . . 17 3 . . . . . . Cannons 2 | . . . . . . . . 1 1 . . . AOE 10 | . . 2 . . 4 . . 4 . . . . Classes Destroyed 11 | . 6 . . . 3 2 . . . . . . Builder 3 | . . . . . . 3 . . . . . . Hauler 3 | . 1 . . . 1 . . 1 . . . . Recycler 2 | . 1 . . . . 1 . . . . . . Operator 2 | . 1 . . . 1 . . . . . . . Watcher 8 | . 2 . . . 4 . . 1 . . . 1 Swarmer 18 | . 3 3 . . 8 . . 4 . . . . Grunt 26 | . 10 5 . . 9 2 . . . . . . Duelist 1 | . . . . . 1 . . . . . . . Sentry 8 | . . . . . 3 . . . 2 3 . . Hunter 1 | . . . . . 1 . . . . . . . Programmer 3 | . . . . . . 2 . 1 . . . . Best Kill Streak 4 | . 3 3 . . 4 3 . 4 1 1 . 1 Combat Bots Only 4 | . 3 3 . . 4 1 . 4 1 1 . . Max Kills in Single Turn 4 | . 1 1 . . 3 2 . 4 1 1 . 1 Gunslinging . | . . . . . . . . . . . . . Exploded 4 | . . 1 . . 3 . . 4 . . . . Melee 1 | . . . . . . 1 . . 1 1 . . Uniques/NPCs Destroyed . | . . . . . . . . . . . . . Combat | -11 -10 -10 -10 -9 -8 -7 -7 -7 -7 -7 -7 -5 -------- Run | Yrd Mat Min Exi Min Mat Fac Was Fac Sto Rec Scr Fac Hostile Shots Fired 608 | . 72 18 . . 202 62 . 12 121 72 . 49 Missed 237 | . 19 5 . . 54 26 . 7 68 36 . 22 Damage Taken 4237 | . 504 193 . . 1739 606 . 73 449 280 . 393 Core 409 | . 94 24 . . 171 45 . . 16 40 . 19 Absorbed by Shields 283 | . 99 . . . 184 . . . . . . . Regen/Repaired (Parts) 271 | . 98 . . . . . . 173 . . . . Core Remaining (%) 76 | 100 . . . 52 68 . . . . . 85 . Volleys Fired 272 | . 68 14 . . 135 20 . 11 7 . . 17 Largest 2 | . 2 2 . . 2 1 . 1 1 . . 1 Hottest 150 | . 46 63 . . 150 28 . 61 61 . . 61 Shots Fired 421 | . 137 25 . . 202 21 . 12 7 . . 17 Gun 381 | . 137 23 . . 200 21 . . . . . . Cannon 35 | . . . . . . . . 11 7 . . 17 Launcher 5 | . . 2 . . 2 . . 1 . . . . Special . | . . . . . . . . . . . . . Kinetic 250 | . 137 22 . . 35 21 . 11 7 . . 17 Thermal 103 | . . . . . 103 . . . . . . . Explosive 5 | . . 2 . . 2 . . 1 . . . . Electromagnetic 63 | . . 1 . . 62 . . . . . . . Robot Hit Streak 13 | . 9 13 . . 9 4 . 2 3 . . 3 Robot Miss Streak 6 | . 4 2 . . 6 2 . 3 2 . . 2 Penetration Max 1 | . . . . . . 1 . . . . . . Secondary Targets 2 | . . 1 . . 1 . . . . . . . Max Gunslinging Chain 1 | . . 1 . . 1 . . . . . . . Shots Hit Robots 272 | . 79 17 . . 119 22 . 8 9 10 . 8 Core Hits 114 | . 28 11 . . 49 11 . 8 3 2 . 2 Critical Kills 2 | . . . . . . . . 1 1 . . . Critical Parts Destroyed 6 | . . . . . . . . 2 1 1 . 2 Critical Strikes 21 | . . . . . 11 . . 3 4 1 . 2 Burn 11 | . . . . . 11 . . . . . . . Destroy 8 | . . . . . . . . 3 3 . . 2 Smash 1 | . . . . . . . . . . 1 . . Sever 1 | . . . . . . . . . 1 . . . Melee Attacks 87 | . . . . . . 36 . 12 16 12 . 11 Impact 26 | . . . . . . . . . 3 12 . 11 Slashing 59 | . . . . . . 34 . 12 13 . . . Piercing . | . . . . . . . . . . . . . Sneak Attacks 8 | . . . . . . 4 . 1 . 3 . . Combat Hostiles 3 | . . . . . . . . . . 3 . . Follow-up Attacks . | . . . . . . . . . . . . . Damage Inflicted 6322 | . 1206 409 . 2 2374 714 . 567 239 570 . 241 Guns 3734 | . 1206 259 . . 2029 240 . . . . . . Cannons 354 | . . . . . . . . 97 71 . . 186 Explosions 725 | . . 148 . . 282 . . 295 . . . . Melee 1442 | . . . . . . 474 . 175 168 570 . 55 Ramming 67 | . . 2 . 2 63 . . . . . . . Kinetic 2406 | . 1206 246 . . 360 240 . 97 71 . . 186 Thermal 1441 | . . . . . 1441 . . . . . . . Explosive 650 | . . 148 . . 207 . . 295 . . . . Electromagnetic 316 | . . 13 . . 303 . . . . . . . Impact 625 | . . . . . . . . . . 570 . 55 Slashing 817 | . . . . . . 474 . 175 168 . . . Piercing . | . . . . . . . . . . . . . Highest Corruption 11 | . 2 2 2 2 11 3 3 3 3 3 . 4 Average Corruption 2 | . 2 2 2 2 8 1 3 3 3 3 . 2 Corruption Purged . | . . . . . . . . . . . . . Corruption Blocked . | . . . . . . . . . . . . . Effects 88 | . 11 9 9 1 12 20 1 10 7 7 . 1 Message Errors 24 | . 1 2 3 . 2 9 . 2 3 1 . 1 Matter Fused 15 | . 1 . 2 1 1 2 . 2 3 3 . . Heat Flow Errors 12 | . 1 2 . . 2 3 . 3 . 1 . . Energy Discharges 11 | . 3 2 . . 1 3 . . 1 1 . . Parts Rejected 2 | . 1 . . . 1 . . . . . . . Data Loss (minor) 11 | . . 1 3 . 2 1 1 2 . 1 . . Data Loss (major) 5 | . . 2 1 . 1 1 . . . . . . Misfires 5 | . 2 . . . 1 1 . 1 . . . . Alerts 1 | . 1 . . . . . . . . . . . Weapon Failures 2 | . 1 . . . 1 . . . . . . . Overload Shots . | . . . . . . . . . . . . . Overflow Damage 167 | . . 10 . . . 68 . 4 . 48 . 37 Projectiles 11 | . . . . . . . . . . . . 11 Explosions 10 | . . 10 . . . . . . . . . . Melee 146 | . . . . . . 68 . 4 . 48 . 26 Knockbacks 1 | . . . . . . . . . . . . 1 Impact 1 | . . . . . . . . . . . . 1 Kinetic . | . . . . . . . . . . . . . Secondary . | . . . . . . . . . . . . . Self-Inflicted Damage 32 | . . 7 . . 25 . . . . . . . Shots 2 | . . 1 . . 1 . . . . . . . Rammed . | . . . . . . . . . . . . . Targets Rammed 12 | . . 1 . 1 10 . . . . . . . Kicked 12 | . . 1 . 1 10 . . . . . . . Crushed . | . . . . . . . . . . . . . Highest Temperature 449 | . 138 254 . . 449 225 . 146 148 184 . 158 Average Temperature 84 | . 27 70 . . 102 95 . 48 56 87 . 48 Received Heat Transfer 1325 | . 264 72 . . 590 144 . . 162 84 . 9 Effects 3 | . . . . . 3 . . . . . . . Shutdowns 1 | . . . . . 1 . . . . . . . Interference 1 | . . . . . 1 . . . . . . . Damage (minor) 1 | . . . . . 1 . . . . . . . Siege Activations . | . . . . . . . . . . . . . Robots Corrupted 1 | . . . . . . . . . . 1 . . Combat Hostiles 1 | . . . . . . . . . . 1 . . Parts Fried 1 | . . . . . 1 . . . . . . . Impact Corruptions 3 | . . . . . . . . . . 2 . 1 Robots Melted 2 | . . . . . 2 . . . . . . . Combat Hostiles 1 | . . . . . 1 . . . . . . . Parts Melted 8 | . . . . . 8 . . . . . . . Heat Transferred 3417 | . . . . . 3417 . . . . . . . Parts Sabotaged . | . . . . . . . . . . . . . Parts Stolen . | . . . . . . . . . . . . . Parts Stripped . | . . . . . . . . . . . . . Power Chain Reactions 2 | . . . . . 2 . . . . . . . Alert | -11 -10 -10 -10 -9 -8 -7 -7 -7 -7 -7 -7 -5 ------- Run | Yrd Mat Min Exi Min Mat Fac Was Fac Sto Rec Scr Fac Peak Influence 322 | . 232 225 . . 292 220 65 199 228 322 . 155 Initial 132 | . . 61 . . . 132 50 45 9 88 . . Average 90 | . 97 105 . . 78 93 59 58 128 265 . 42 Maximum Alert Level 1 | . 1 1 . . 1 1 . . 1 1 . . Low Security (%) 93 | 100 94 95 . 100 98 96 100 100 88 5 . 100 Level 1 6 | . 5 4 . . 1 3 . . 11 94 . . Level 2 . | . . . . . . . . . . . . . Level 3 . | . . . . . . . . . . . . . Level 4 . | . . . . . . . . . . . . . Level 5 . | . . . . . . . . . . . . . High Security . | . . . . . . . . . . . . . Max Security . | . . . . . . . . . . . . . Squads Dispatched 27 | . 3 1 . . 8 7 . 7 . . . 1 Investigation 11 | . 1 . . . 1 3 . 5 . . . 1 Extermination 4 | . . . . . . 3 . 1 . . . . Reinforcement 6 | . 2 . . . 2 1 . 1 . . . . Assault 1 | . . 1 . . . . . . . . . . Garrison 5 | . . . . . 5 . . . . . . . Intercept . | . . . . . . . . . . . . . Searches Triggered . | . . . . . . . . . . . . . Construction Impeded . | . . . . . . . . . . . . . Haulers Reinforced . | . . . . . . . . . . . . . Active Scanning Responses . | . . . . . . . . . . . . . Cargo Convoy Interrupts . | . . . . . . . . . . . . . Stealth | -11 -10 -10 -10 -9 -8 -7 -7 -7 -7 -7 -7 -5 --------- Run | Yrd Mat Min Exi Min Mat Fac Was Fac Sto Rec Scr Fac Distress Signals 7 | . 1 . . . 3 1 . . 1 . . 1 Communications Jammed . | . . . . . . . . . . . . . Distress Signals . | . . . . . . . . . . . . . Times Spotted 160 | . 25 9 . . 49 31 6 12 16 3 . 9 Peak Tracking Total 7 | . 3 3 . . 7 6 6 4 7 1 . 4 Tactical Retreats 28 | . 3 1 . . 6 10 . 1 4 1 . 2 Traps | -11 -10 -10 -10 -9 -8 -7 -7 -7 -7 -7 -7 -5 ------- Run | Yrd Mat Min Exi Min Mat Fac Was Fac Sto Rec Scr Fac Traps Triggered 8 | . 3 . . . 1 2 . 2 . . . . Indirectly . | . . . . . . . . . . . . . Trap Hack Attempts . | . . . . . . . . . . . . . Triggered . | . . . . . . . . . . . . . Disarmed . | . . . . . . . . . . . . . Reprogrammed . | . . . . . . . . . . . . . Reused . | . . . . . . . . . . . . . Traps Extracted . | . . . . . . . . . . . . . Installed . | . . . . . . . . . . . . . Triggered . | . . . . . . . . . . . . . Machines | -11 -10 -10 -10 -9 -8 -7 -7 -7 -7 -7 -7 -5 ---------- Run | Yrd Mat Min Exi Min Mat Fac Was Fac Sto Rec Scr Fac Machines Disabled 6 | . . . . . 2 . . 1 1 . . 2 Max in Single Turn 1 | . . . . . 1 . . 1 1 . . 1 Garrison Access 3 | . . . . . 1 1 . . 1 . . . Machines Repaired . | . . . . . . . . . . . . . Machines Dismantled . | . . . . . . . . . . . . . Machines Sabotaged . | . . . . . . . . . . . . . Overloaded Fab Kills . | . . . . . . . . . . . . . Hacking | -11 -10 -10 -10 -9 -8 -7 -7 -7 -7 -7 -7 -5 --------- Run | Yrd Mat Min Exi Min Mat Fac Was Fac Sto Rec Scr Fac Machines Accessed 70 | . 8 . 1 . 9 15 . 14 7 10 . 6 Terminals 43 | . 5 . . . 7 9 . 7 5 5 . 5 Fabricators 5 | . . . . . . 2 . 2 . . . 1 Repair Stations 4 | . 1 . . . . 1 . 2 . . . . Recycling Units 10 | . 2 . . . . . . 2 1 5 . . Scanalyzers 3 | . . . . . 1 1 . 1 . . . . Garrison Access 4 | . . . . . 1 2 . . 1 . . . Total Hacks 202 | . 22 . 1 . 34 39 . 41 21 25 . 19 Successful 114 | . 13 . 1 . 21 19 . 25 11 15 . 9 Failed 85 | . 9 . . . 13 19 . 16 9 9 . 10 Catastrophic 11 | . 2 . . . 2 3 . 3 . 1 . . Database Lockouts 3 | . . . . . . 1 . . 1 1 . . Manual 120 | . 18 . 1 . 19 16 . 22 14 21 . 9 Terminals 139 | . 18 . . . 28 24 . 24 17 14 . 14 Fabricators 17 | . . . . . . 6 . 6 . . . 5 Repair Stations 9 | . 2 . . . . 2 . 5 . . . . Recycling Units 17 | . 2 . . . . . . 3 1 11 . . Scanalyzers 11 | . . . . . 5 3 . 3 . . . . Garrison Access 8 | . . . . . 1 4 . . 3 . . . Terminal Hacks 50 | . 4 . 1 . 11 8 . 11 8 3 . 4 Record 2 | . . . . . . . . . 1 1 . . Part Schematic 4 | . 1 . . . 1 1 . . . . . 1 Robot Schematic 1 | . . . . . . . . 1 . . . . Robot Analysis 12 | . 3 . . . 5 2 . . 1 1 . . Prototype ID Bank 1 | . . . . . . . . . 1 . . . Open Door 1 | . . . . . . . . . 1 . . . Open DSF 1 | . . . . . . . . . . . . 1 Branch Access Points 4 | . . . . . 1 1 . 1 1 . . . Machine Index 2 | . . . . . 1 . . 1 . . . . Terminal Index 5 | . . . . . 1 1 . 1 1 . . 1 Repair Station Index 1 | . . . . . . . . 1 . . . . Garrison Index 2 | . . . . . . . . 1 1 . . . Alert Level 1 | . . . . . . . . . . 1 . . Unreport Threat 2 | . . . . . 2 . . . . . . . Locate Traps 4 | . . . . . . 2 . 1 1 . . . Recall Investigation 3 | . . . . . . . . 2 . . . 1 Hauler Manifests 2 | . . . . . . 1 . 1 . . . . Zone Layout 1 | . . . . . . . . 1 . . . . Derelict Proto ID Bank 1 | . . . 1 . . . . . . . . . Fabricator Hacks 13 | . . . . . . 5 . 5 . . . 3 Network Status 3 | . . . . . . 1 . 1 . . . 1 Load Schematic 5 | . . . . . . 2 . 2 . . . 1 Build 5 | . . . . . . 2 . 2 . . . 1 Repair Station Hacks 7 | . 2 . . . . 1 . 4 . . . . Scan Component 3 | . 1 . . . . . . 2 . . . . Repair 3 | . 1 . . . . . . 2 . . . . Refit 1 | . . . . . . 1 . . . . . . Recycling Unit Hacks 10 | . 1 . . . . . . 3 1 5 . . Retrieve Matter 1 | . . . . . . . . 1 . . . . Retrieve Components 9 | . 1 . . . . . . 2 1 5 . . Scanalyzer 8 | . . . . . 5 2 . 1 . . . . Insert Component 5 | . . . . . 3 1 . 1 . . . . Analyze 3 | . . . . . 2 1 . . . . . . Garrison Access Hacks 3 | . . . . . 1 1 . . 1 . . . Seal Access 3 | . . . . . 1 1 . . 1 . . . Unauthorized Hacks 23 | . 6 . . . 4 2 . 1 1 7 . 2 Terminals 18 | . 6 . . . 4 2 . 1 1 2 . 2 Track 1 | . 1 . . . . . . . . . . . Assimilate 2 | . . . . . . . . 1 1 . . . Botnet 14 | . 4 . . . 4 2 . . . 2 . 2 Operators 1 | . 1 . . . . . . . . . . . Fabricators . | . . . . . . . . . . . . . Repair Stations . | . . . . . . . . . . . . . Recycling Units 5 | . . . . . . . . . . 5 . . Tunnel 5 | . . . . . . . . . . 5 . . Scanalyzers . | . . . . . . . . . . . . . Garrison Access . | . . . . . . . . . . . . . Data Cores Recovered . | . . . . . . . . . . . . . Used . | . . . . . . . . . . . . . Hacking Detections 56 | . 8 . . . 8 14 . 11 6 4 . 5 Full Trace Events 9 | . . . . . 1 3 . 3 . 1 . 1 Feedback Events 1 | . . . . . . . . . . 1 . . Hackware Fried 1 | . . . . . . . . . . 1 . . Feedback Blocked . | . . . . . . . . . . . . . Robot Schematics Acquired 1 | . . . . . . . . 1 . . . . Robots Built 2 | . . . . . . . . 2 . . . . Authchips . | . . . . . . . . . . . . . Time 116 | . . . . . . . . 116 . . . . Total Robot Build Rating 6 | . . . . . . . . 6 . . . . Part Schematics Acquired 7 | . 1 . . . 3 2 . . . . . 1 Parts Built 3 | . . . . . . 2 . . . . . 1 Authchips . | . . . . . . . . . . . . . Time 243 | . . . . . . 190 . . . . . 53 Total Part Build Rating 16 | . . . . . . 10 . . . . . 6 Parts Repaired 3 | . 1 . . . . . . 2 . . . . Time 129 | . 32 . . . . . . 97 . . . . Parts Recycled . | . . . . . . . . . . . . . Recycled Matter . | . . . . . . . . . . . . . Retrieved Matter . | . . . . . . . . . . . . . Retrieved Components 19 | . 5 . . . . . . 3 2 9 . . Parts Scanalyzed 4 | . . . . . 2 1 . 1 . . . . Part Schematics Acquired 3 | . . . . . 2 1 . . . . . . Parts Damaged . | . . . . . . . . . . . . . Bothacking | -11 -10 -10 -10 -9 -8 -7 -7 -7 -7 -7 -7 -5 ------------ Run | Yrd Mat Min Exi Min Mat Fac Was Fac Sto Rec Scr Fac Used RIF Installer . | . . . . . . . . . . . . . Robots Hacked 2 | . . . . . . 2 . . . . . . Non-combat 2 | . . . . . . 2 . . . . . . Combat . | . . . . . . . . . . . . . Robot Hacks Applied 2 | . . . . . . 2 . . . . . . find_chute 1 | . . . . . . 1 . . . . . . find_recycling 1 | . . . . . . 1 . . . . . . Relay Couplers Released . | . . . . . . . . . . . . . Fabnet Peak Effective % . | . . . . . . . . . . . . . Robots Rewired . | . . . . . . . . . . . . . Allies Hacked . | . . . . . . . . . . . . . Hacks Repelled . | . . . . . . . . . . . . . Allies | -11 -10 -10 -10 -9 -8 -7 -7 -7 -7 -7 -7 -5 -------- Run | Yrd Mat Min Exi Min Mat Fac Was Fac Sto Rec Scr Fac Total Allies 9 | . . 3 . 3 . . . 3 . . . . Largest Group 3 | . . 2 1 3 3 . . 2 1 . . . Highest-Rated Group 47 | . . 47 16 40 40 . . 33 23 . . . Highest-Rated Ally 31 | . . 31 16 16 16 . . 23 23 . . . Total Orders . | . . . . . . . . . . . . . Ally Attacks 45 | . . 21 . . 24 . . . . . . . Total Damage 561 | . . 327 . . 234 . . . . . . . Kills 3 | . . 1 . . 2 . . . . . . . Allies Corrupted . | . . . . . . . . . . . . . Allies Melted . | . . . . . . . . . . . . . Intel | -11 -10 -10 -10 -9 -8 -7 -7 -7 -7 -7 -7 -5 ------- Run | Yrd Mat Min Exi Min Mat Fac Was Fac Sto Rec Scr Fac Robot Analysis Total 11 | . 3 . . . 4 2 . . 1 1 . . Derelict Logs Recovered . | . . . . . . . . . . . . . Drone Launches . | . . . . . . . . . . . . . Drone Recoveries . | . . . . . . . . . . . . . Exploration | -11 -10 -10 -10 -9 -8 -7 -7 -7 -7 -7 -7 -5 ------------- Run | Yrd Mat Min Exi Min Mat Fac Was Fac Sto Rec Scr Fac Turns Passed 8646 | 74 1047 623 811 132 1762 1709 122 882 344 317 402 421 Spaces Moved 8762 | 54 628 454 557 69 927 2055 217 1286 416 557 782 760 Core 2 | 2 . . . . . . . . . . . . Treads . | . . . . . . . . . . . . . Legs 2451 | 52 628 454 557 69 691 . . . . . . . Wheels . | . . . . . . . . . . . . . Hover . | . . . . . . . . . . . . . Flight 6309 | . . . . . 236 2055 217 1286 416 557 782 760 Fastest Speed 39 | 50 120 120 120 190 50 50 50 50 50 50 50 39 Average Speed 72 | 117 120 120 145 190 121 50 50 50 50 50 50 39 Slowest Speed 330 | 120 120 120 190 190 330 50 50 50 50 50 50 50 Overloaded Moves . | . . . . . . . . . . . . . Propulsion Burnouts . | . . . . . . . . . . . . . Robots Hopped 42 | . . . . . 6 15 . 6 2 7 2 4 Cave-ins Triggered . | . . . . . . . . . . . . . Exploration Rate (%) 56 | 5 83 97 90 14 56 42 84 35 69 87 59 19 Regions Visited 12 Branch Regions 6 Pre-discovered Areas 6 | . . . . . . . . . . 5 1 . Known Exits Taken 2 | . . . . . . . . 1 1 . . . Unknown Exits Taken 8 | 1 1 1 1 1 1 . . . . 1 1 . Scrap Searched 7 | . . 1 . . . . . . . . 6 . Spaces Dug 55 | . . 8 . . . 19 . 8 10 1 . 9 Terrain Destroyed 96 | . . 15 . . 29 19 . 11 10 1 . 11 Melee 45 | . . . . . . 19 . 8 10 1 . 7 Projectile 4 | . . . . . . . . . . . . 4 AOE 47 | . . 15 . . 29 . . 3 . . . . Terrain Rammed . | . . . . . . . . . . . . . Walls Destroyed . | . . . . . . . . . . . . . Machines Disabled . | . . . . . . . . . . . . . Actions | -11 -10 -10 -10 -9 -8 -7 -7 -7 -7 -7 -7 -5 --------- Run | Yrd Mat Min Exi Min Mat Fac Was Fac Sto Rec Scr Fac Total 10430 | 61 785 510 559 69 1365 2650 230 1487 515 566 790 843 Wait 1075 | . 60 13 . . 219 500 4 166 64 1 7 41 Move 8672 | 53 627 453 556 68 914 2028 216 1273 411 542 778 753 Hop 37 | . . . . . 6 12 . 6 2 7 1 3 Pick Up 53 | 2 8 3 1 . 13 13 1 6 2 1 2 1 Fast Attach 49 | 6 8 4 . . 15 5 3 1 5 . . 2 Attach 26 | . 1 . . . 12 2 . 1 . 1 1 8 Detach 18 | . 1 . . . 9 2 . 2 . . . 4 Swap 48 | . 4 10 1 . 10 12 1 5 1 1 . 3 Drop 70 | . 8 12 1 . 11 20 5 4 7 1 1 . Fire 272 | . 68 14 . . 135 20 . 11 7 . . 17 Melee 87 | . . . . . . 36 . 12 16 12 . 11 Ram . | . . . . . . . . . . . . . Kick 12 | . . 1 . 1 10 . . . . . . . Crush . | . . . . . . . . . . . . . Escape Stasis . | . . . . . . . . . . . . . Rewire 11 | . . . . . 11 . . . . . . . Trap . | . . . . . . . . . . . . . Miscellaneous . | . . . . . . . . . . . . . Route ------- -11/Scrapyard -10/Materials (discovered 3 exits: [*Mat x2] / [*Min]) -10/Mines (discovered 3 exits: [*Mat x2] / *Exi) -10/Exiles -9/Mines -8/Materials -7/Factory (discovered 5 exits: [*Fac x2] / *Sto / Low x2) -7/Waste -7/Factory (discovered 5 exits: [*Fac] / *Sto x2 / *Low x2) -7/Storage -7/Recycling (discovered 2 exits: *Fac / [*Scr]) -7/Scraptown -5/Factory History --------- Turn | Location | Event 6 | -11/Scrapyard | Discovered new exit (range 16) 75 | -11/Scrapyard | Entered Materials 313 | -10/Materials | Build established: Mutant 463 | -10/Materials | Repaired Hvy. Assault Rifle? 493 | -10/Materials | Discovered new exit (range 16) 589 | -10/Materials | Discovered new exit (range 6) 878 | -10/Materials | Discovered new exit (range 11) 1122 | -10/Materials | Entered Mines 1254 | -10/Mines | Met a Derelict testing a Signal Generator 1426 | -10/Mines | Discovered new exit (range 14) 1635 | -10/Mines | Found a damaged Exp. Sensor Array with a note attached 1639 | -10/Mines | Found Prototype Device 1650 | -10/Mines | Discovered new exit (range 11) 1733 | -10/Mines | Deemed a non-threat by the Exiles lab entrance 1734 | -10/Mines | Discovered new exit (range 5) 1745 | -10/Mines | Entered Exiles 1745 | -10/Exiles | Accompanied by 1 ally 1774 | -10/Exiles | Met 8R-AWN 1795 | -10/Exiles | Met EX-HEX 1802 | -10/Exiles | Build established: Scavenger-Mutant 1849 | -10/Exiles | Met EX-DEC 1901 | -10/Exiles | Discovered new exit (range 12) 1988 | -10/Exiles | Visited The Gauntlet 2281 | -10/Exiles | Met EX-BIN 2304 | -10/Exiles | Aligned with FarCom system 2306 | -10/Exiles | Given EX-Vault access code 2355 | -10/Exiles | Opened EX-Vault 2363 | -10/Exiles | Found Flying Fortress v7 2408 | -10/Exiles | Warned to stay clear of 0b10 Research branches 2556 | -10/Exiles | Left Exiles lab with Flying Fortress v7 2556 | -10/Exiles | Entered Mines 2655 | -9/Mines | Discovered new exit (range 7) 2674 | -9/Mines | Assisted by bots powering up and referring to "LRC-V3" 2688 | -9/Mines | Entered Materials 2688 | -8/Materials | Accompanied by 3 allies 2688 | -8/Materials | Evolved 4 slots: Propulsion x2, Utility x2 2717 | -8/Materials | Identified Exp. Sensor Array 2934 | -8/Materials | Garrison activated, responded to threat 3081 | -8/Materials | Garrison activated, responded to threat 3364 | -8/Materials | Garrison activated, responded to threat 3564 | -8/Materials | Lost 4 parts (1p2n1u) 4181 | -8/Materials | System corruption reached 10% 4240 | -8/Materials | Lost 3 parts (1n1u1w) 4442 | -8/Materials | Discovered new exit (range 16) 4450 | -8/Materials | Entered Factory 4450 | -7/Factory | Evolved 2 slots: Utility x2 4627 | -7/Factory | Build established: Hacker-Mutant 4645 | -7/Factory | Identified exit to Storage 4645 | -7/Factory | Identified exit to Lower Caves 4840 | -7/Factory | Discovered new exit (range 14) 4873 | -7/Factory | Discovered new exit (range 15) 4932 | -7/Factory | Central database locked down 5237 | -7/Factory | Fabricated Imp. Hacking Suite? 5540 | -7/Factory | Fabricated Imp. Hacking Suite? 6159 | -7/Factory | Sucked down chute 6159 | -7/Factory | Entered Waste 6189 | -7/Waste | Spotted C-40 Crusher 6195 | -7/Waste | Spotted C-40 Crusher 6196 | -7/Waste | Spotted C-40 Crusher 6196 | -7/Waste | Spotted C-40 Crusher 6206 | -7/Waste | Spotted C-40 Crusher 6209 | -7/Waste | Discovered new exit (range 16) 6210 | -7/Waste | Spotted C-40 Crusher 6281 | -7/Waste | Entered Factory 6523 | -7/Factory | Fabricated M-28 Smith? 6695 | -7/Factory | Repaired Broken Hyp. Gauss Cannon 6803 | -7/Factory | Fabricated M-28 Smith (x1) 7064 | -7/Factory | Repaired Reaction Control System? 7108 | -7/Factory | Discovered new exit (range 15) 7163 | -7/Factory | Entered Storage 7163 | -7/Storage | Accompanied by 1 ally 7324 | -7/Storage | Identified exit to Recycling 7324 | -7/Storage | Central database locked down 7505 | -7/Storage | Used back door to open Recycling access 7507 | -7/Storage | Entered Recycling 7633 | -7/Recycling | Imp. Hacking Suite fried by hacking feedback 7652 | -7/Recycling | Discovered new exit (range 16) 7810 | -7/Recycling | Scanned before Scraplab entrance 7818 | -7/Recycling | Discovered new exit (range 11) 7819 | -7/Recycling | Entered Scraplab 7824 | -7/Recycling | Entered Scraptown 7824 | -7/Scraptown | System corruption cleaned by C-Scrubber 7966 | -7/Scraptown | Discovered new exit (range 13) 7981 | -7/Scraptown | Visited Scrapoid Research Area 7995 | -7/Scraptown | Visited Red Mages 8019 | -7/Scraptown | Visited Bundlers 8138 | -7/Scraptown | Visited CPS Storage 8150 | -7/Scraptown | Visited Comm Corps 8181 | -7/Scraptown | Visited Fellowship of the Rings 8192 | -7/Scraptown | Turned away by UFD registrar 8226 | -7/Scraptown | Entered Factory 8226 | -5/Factory | Evolved 4 slots: Propulsion x1, Utility x3 8256 | -5/Factory | Identified exit to DSF 8473 | -5/Factory | Fabricated Adv. Hacking Suite? 8607 | -5/Factory | Spotted B-75 Beast 8647 | -5/Factory | Self-destructed Last Messages --------------- 08624_ K-01 Serf collects debris. 08633_ Destroyed Imp. Target Analyzer. 08633_ P-70 Sage system corrupted by crushing effect. 08633_ P-70 Sage knocked back. 08636_ K-01 Serf collects debris. 08637_ QI#UE U%#1&2NTV|UAK% 08640_ P-70 Sage resets P-70 Sage, system corruption cleaned. 08640_ R-10 Processor collects Lyr. Medium Armor Plating. 08640_ K-01 Serf collects debris. 08641_ U-05 Engineer lays Concrete. 08641_ M-28 Smith repairs Tesla Rifle. 08641_ U-05 Engineer lays Concrete. 08642_ K-01 Serf collects debris. 08642_ U-05 Engineer lays Concrete. 08644_ Flying Fortress v7 destroyed. Map ----- +----------------------------------------------------+ | ???????????????????????????????????????## """""" | | ???????????????????????????????????????## """""" | | ???????????????????????????????????????## """""" | | ???????????????????????????????????????## ? | | ???????????????????????????????????????## | | ??????????????????????????????????????????######## | | ??????????????????????????????????????????######## | | ???????????????????????????????????????????? | | ?????????????????????????????????????????????? | | ???????????????????????????????????????????? = """ | | ????????????????????????????????????????? " """ | | ?????????????????????????????????????? """ | | ??????????? ????????????????????????? | | ???????????? ?????????????????????????????""" """ | | ???????????? ???????????????????????????"""" """ | | ????????????? ?????????????????????## ??""" """ | | ??????????# ################?## | | ??????????#####+###################?###+##+##+#### | | ??????????## % # ##??## # | | ??????????## A # """ ##??## # | | ??????????## % # """ ##??##" """ # | | ??????????## " + [ """ ##??##" """ + | | ??????????## " ;pp ##??##" """ # | | ?????????? # " ; """ ##??##T # | | ?????????? # ; """ ##??##" """ #### | | ?????????? # #@ """ ##??##" """ #### | | ???????? " # ##??##" """ ##?? | | ???????? " ##;########??## ##?? | | ????????? ! ###########??## #### | | ?????????! % # ##??## ##+#### | | ????????? ! # ##??## # | | ?????????# # ##??## # ! | | ?????????# *# ##??## #! / | | ?????????## # ! ##??## # / | | ??????????# # ##??##### # / | | ??????????## # ##??##### # | | ?????????????? # ##?????## # | | ??????????????? # ######### # ! | | ??????????????? "BB #####+############ ####### | | ??????????????? "BB ^ | | ??????????????? " !! ^ | | ?????????????? ! ^ | | ?????????????? ^ | | ?????????????? | | ??????????????## "## #######+######+############# | | ??????????????## ### # # ##### | | ???????????????????## # """" # """ """ ##?## | | ???????????????????## # """" # """ """ ##?## % | | ????????????????????? # """" # """ """ ##?## | | ????????????????????? + """" # ##?##= | +----------------------------------------------------+ Best States ------------- Heat Dissipation 45 Energy Generation 18 Energy Capacity 160 Matter Stores 300 Matter Capacity 300 Sight Range 16 Terrain Scan Density 10 ECM Strength 1 Jamming Range 12 Armor Coverage 375 Evasion (%) 70 Offensive Hacking 34 Defensive Hacking 10 Authchip Count 1 Item Schematics ----------------- Seismic Detector | -10/Materials | Hacked Structural Scanner | -8/Materials | Hacked System Shield | -8/Materials | Scanalyzed ECM Suite | -8/Materials | Scanalyzed Imp. Cesium-ion Thruster | -7/Factory | Scanalyzed Imp. Hacking Suite | -7/Factory | Hacked Adv. Hacking Suite | -5/Factory | Hacked Robot Schematics ------------------ M-28 Smith | -7/Factory | Hacked Fabricated ------------ Imp. Hacking Suite | x1 | -7/Factory Imp. Hacking Suite | x1 | -7/Factory M-28 Smith | x1 | -7/Factory M-28 Smith | x1 | -7/Factory Adv. Hacking Suite | x1 | -5/Factory Alien Tech Used ----------------- None Achievements -------------- None Challenges ------------ None Game ------ Seed HeavyLobotomyMultitool Manual? 0 Play Time 01:50:15 Cumulative 136.8 hours Start 2024.10.31 @ 10:47:11 End 2024.10.31 @ 13:15:02 Sessions 1 Manual Loads 0 Difficulty Rogue Special Mode None Game No. 68 Rogue 5 Adventurer 63 Explorer 0 Win Type - Total 6 Types 6/0/0/0/0/0/0/0/0 Lore% 65 Gallery% 65 Achievement% 53 Wizard Run 0 Options --------- Layout 1 ASCII 0 Keyboard 1 Movement Vi Keybinds 0 Fullscreen 2 Font 28/Terminus Map View 50x43 Zoom Use 0% Tactical HUD 1 Map Filters NONE Filters NONE Steam 1 RUN: 1cd06d83-b9f2-47b9-ae3c-eae728027f86